 Dungeon Crawl Stone Soup version 0.20.1-1-g8b1a95d (webtiles) character file.

123 Dawnplanks the Skirmisher (level 4, -5/37 HPs)
             Began as a Demonspawn Abyssal Knight on Nov 26, 2017.
             Was a Believer of Lugonu.
             Slain by an orc priest
             ... wielding a +0 hand axe
              (8 damage)
             ... on level 3 of the Dungeon.
             The game lasted 00:18:25 (2256 turns).

Dawnplanks the Skirmisher (DsAK)                    Turns: 2256, Time: 00:18:28

Health: -5/37      AC:  3    Str: 12    XL:     4   Next: 79%
Magic:  6/6        EV: 11    Int: 13    God:    Lugonu [**....]
Gold:   80         SH:  0    Dex: 14    Spells: 3/3 levels left

rFire    + . .     SeeInvis .   a - +1 hand axe
rCold    . . .     Gourm    .   (no shield)
rNeg     . . .     Faith    .   b - +0 leather armour
rPois    .         Spirit   .   (helmet restricted)
rElec    .         Reflect  .   (no cloak)
rCorr    .         Harm     .   (no gloves)
MR       .....                  (no boots)
Stlth    +.........             m - amulet of magic regeneration
Regen    0.0/turn               i - ring of fire
MPRegen  0.2/turn               p - +2 ring of dexterity

@: no status effects
A: antennae 1, claws 1, hooves 1, clumsy 1, cold resistance 1, sense
surroundings 1, inhibited regeneration, MP-powered wands
a: Depart the Abyss, Bend Space, Renounce Religion


You were on level 3 of the Dungeon.
You worshipped Lugonu.
Lugonu was pleased with you.
You were not hungry.

You visited 1 branch of the dungeon, and saw 3 of its levels.
You visited the Abyss 1 time.

You collected 80 gold pieces.

Inventory:

Hand Weapons
 a - a +1 hand axe (weapon)
 f - a +1 dagger of holy wrath
 j - a +0 club
Armour
 b - a +0 leather armour (worn)
Jewellery
 i - a ring of fire (left claw)
 m - an amulet of magic regeneration (around neck)
 p - a +2 ring of dexterity (right claw)
Wands
 q - a wand of flame (15/48)
Scrolls
 e - a scroll of immolation {unknown}
 k - a scroll of amnesia {unknown}
 o - a scroll of identify {unknown}
 s - a scroll of blinking {unknown}
 u - a scroll of fog {unknown}
 v - a scroll of enchant weapon {unknown}
 w - a scroll of enchant armour {unknown}
Potions
 d - a potion of might {unknown}
 g - a potion of brilliance
 h - a potion of curing
 n - a potion of degeneration {unknown}
Comestibles
 c - a bread ration
 l - a fruit


   Skills:
 + Level 3.9 Fighting
 + Level 3.2 Axes
 + Level 2.4 Armour
 + Level 1.1 Dodging
 + Level 0.2 Stealth
 + Level 2.8 Invocations


You had 3 spell levels left.
You didn't know any spells.

Dungeon Overview and Level Annotations

Branches:
Dungeon (3/15)

Altars:

Annotations:
D:2 Sigmund


Innate Abilities, Weirdness & Mutations

You have a pair of small antennae on your head.
You have sharp fingernails.
Your flesh is cold resistant. (rC+)
You have large cloven feet.
You are clumsy. (Dex -2)
You passively map a small area around you.
You do not regenerate when monsters are visible.
You expend magic power (3 MP) to strengthen your wands.


Message History

The orc wizard casts a cantrip, but nothing happens.
The orc hits you from afar with a trident.
The orc priest hits you with a hand axe.
* * * LOW HITPOINT WARNING * * *
The orc wizard hits you but does no damage.
You closely miss the orc wizard. Your kick misses the orc wizard.
The orc wizard is heavily wounded.
You hit the orc priest.
The orc wizard looks braver for a moment.
The orc hits you from afar with a trident.
* * * LOW HITPOINT WARNING * * *
The orc priest hits you with a hand axe.
* * * LOW HITPOINT WARNING * * *
You slash the orc wizard!
You kill the orc wizard!
Lugonu accepts your kill.
Your Axes skill increases to level 3!
You closely miss the orc priest. The orc hits you but does no damage.
The orc priest hits you with a hand axe!
You die...

..##..# ##.* #######.# #.#
####..###.o * ####.# #.#*
#..##.oo * #....# .........
,, #.##.######. #######.o.
#.##........ #..
####.##.#######* ,
#.#####........#
#..olo)o.......#
#######@.......##* * ,
#############......)........
,
..............##.......##.##
################.......# ...
, #.......# ### ####.##.#
##### #.##.# * , †...#
#.##)# ###.# #.##.# ,


You could see an orc priest, 2 orcs and a leopard gecko.

Vanquished Creatures
  An orc wizard (D:3)
  Ijyb (D:3)
  An adder (D:3)
  3 oozes
  2 dart slugs (D:1)
  2 leopard geckos
  An orc (D:3)
  A ball python (D:1)
  6 bats
  A giant cockroach (D:1)
  5 goblins
  4 hobgoblins
  2 frilled lizards
  8 kobolds
  3 rats
41 creatures vanquished.

Notes
Turn   | Place    | Note
-------+----------+-------------------------------------------
     0 | Abyss:1  | Dawnplanks the Demonspawn Abyssal Knight began the quest for the Orb.
     0 | Abyss:1  | Reached XP level 1. HP: 18/18 MP: 2/2
    16 | D:1      | Escaped the Abyss
    46 | D:1      | Gained mutation: You have a pair of small antennae on your head. [demonic ancestry]
    46 | D:1      | Reached XP level 2. HP: 19/24 MP: 3/3
   657 | D:1      | Gained mutation: Your flesh is cold resistant. (rC+) [demonic ancestry]
   657 | D:1      | Reached XP level 3. HP: 30/30 MP: 4/4
   977 | D:2      | Reached ** piety under Lugonu
   996 | D:2      | Noticed Sigmund
  1642 | D:3      | Reached skill level 1 in Dodging
  1686 | D:3      | Noticed Ijyb
  1688 | D:3      | Gained mutation: You do not regenerate when monsters are visible. [potion of mutation]
  1688 | D:3      | Gained mutation: You have large cloven feet. [potion of mutation]
  1688 | D:3      | Gained mutation: You occasionally shout uncontrollably at your foes. [potion of mutation]
  1688 | D:3      | Gained mutation: You have hoof-like feet. [potion of mutation]
  1689 | D:3      | Lost mutation: You occasionally shout uncontrollably at your foes. [potion of mutation]
  1689 | D:3      | Lost mutation: You have hoof-like feet. [potion of mutation]
  1689 | D:3      | Gained mutation: You expend magic power (3 MP) to strengthen your wands. [potion of mutation]
  1689 | D:3      | Gained mutation: You are clumsy. (Dex -2) [potion of mutation]
  1689 | D:3      | Gained mutation: You passively map a small area around you. [potion of mutation]
  1699 | D:3      | HP: 2/45 [Ijyb/club (1)]
  1713 | D:3      | Killed Ijyb
  1713 | D:3      | Gained mutation: You have sharp fingernails. [demonic ancestry]
  1713 | D:3      | Reached XP level 4. HP: 1/37 MP: 6/6
  2256 | D:3      | Slain by an orc priest

Skill      XL: |  1  2  3  4 |
---------------+-------------+-----
Armour         | 2 |  2.4
Axes           | 2 3 |  3.2
Dodging        | 1 |  1.1
Fighting       | |  3.9
Stealth        | |  0.2
Invocations    | |  2.8

Action                   |  1- 3 |  4- 6 || total
-------------------------+-------+-------++-------
Melee: Hand axe          |   157 |    25 ||   182
       Kick              |       |     4 ||     4
Invok: Bend Space        |     3 |       ||     3
  Use: Potion            |     5 |       ||     5
  Eat: Bread ration      |     1 |       ||     1
Armor: Leather armour    |    42 |     1 ||    43
       Skin              |    12 |       ||    12
Dodge: Dodged            |   101 |    12 ||   113
